 Dungeon Crawl Stone Soup version 0.32-a0-711-g016ad743e0 (webtiles) character file.

Game seed: 6268626559214132527

49 runemasterragnar the Chiller (level 3, -2/23 HPs)
             Began as an Octopode Ice Elementalist on Mar 15, 2024.
             Slain by a +3 spectral club (6 damage)
             ... created by Ijyb
             ... on level 3 of the Dungeon.
             The game lasted 00:01:47 (1650 turns).

runemasterragnar the Chiller (OpIE)                 Turns: 1650, Time: 00:01:47

Health: -2/23      AC:  1    Str:  9    XL:     3   Next: 75%
Magic:  5/5        EV: 12    Int: 23    God:
Gold:   166        SH:  0    Dex: 12    Spells: 5/6 levels left

rFire   + . .        (no weapon)
rCold   + . .        (no shield)
rNeg    . . .        (helmet restricted)
rPois   +            (no amulet)
rElec   +            d - +6 ring of intelligence
rCorr   +            (no ring)
SInv    .            (no ring)
Will    .....        (no ring)
Stlth   +++          (no ring)
HPRegen 0.23/turn    (no ring)
MPRegen 0.09/turn    (no ring)
                     (no ring)

%: no passive effects
@: brilliant, resistant
A: almost no armour, amphibious, 8 rings, camouflage 1, gelatinous body 1,
(nimble swimmer 1), tentacles, low MP 1, MP-powered wands
a: no special abilities


You were on level 3 of the Dungeon.
You visited 1 branch of the dungeon, and saw 3 of its levels.

You collected 166 gold pieces.

Inventory:

Jewellery
 d - a +6 ring of intelligence (left tentacle)
Potions
 a - 2 potions of magic
 c - a potion of curing
 g - 3 potions of enlightenment


   Skills:
 + Level 1.0 Fighting
 + Level 2.4 Dodging
 + Level 3.4 Stealth
 + Level 2.3 Spellcasting
 * Level 4.4 Ice Magic


You had 5 spell levels left.
You knew the following spells:

 Your Spells              Type           Power      Damage    Failure   Level
a - Freeze                Ice            100%       1d10      1%          1

Your spell library contained the following spells:

 Spells                   Type           Power      Damage    Failure   Level
 Frozen Ramparts          Ice            68%        1d11      6%          3
 Ozocubu's Armour         Ice            34%        N/A       6%          3
 Summon Ice Beast         Ice/Summ       19%        N/A       16%         3


Dungeon Overview and Level Annotations

Branches:
Dungeon (3/15)

Altars:
Okawaru

Shops:
D:3 :

Annotations:
D:3 Ijyb


Innate Abilities, Weirdness & Mutations

You cannot wear most types of armour.
You are amphibious.
You can wear up to eight rings at the same time.
Your skin changes colour to match your surroundings (Stealth+).
Your rubbery body absorbs attacks. (AC +1, EV +1)
((You are camouflaged when in or above water. (Stealth+)))
You have tentacles for arms and can constrict up to eight enemies at once.
Your magical capacity is low. (-10% MP)
You expend magic power (3 MP) to strengthen your wands.


Message History

There is an open door here.
There is a stone staircase leading down here.
You climb downwards.
There is a stone staircase leading up here.
You feel your willpower return.
Found Paharaux's Book Emporium.
There is an entrance to Paharaux's Book Emporium here.
Found a ring mail.
Ijyb the Inquisitive comes into view.
She is wielding a +3 spectral club and carrying a wand of iceblast.
Ijyb shouts!
Found a scroll labelled TONAJ XAOPHAJ.
Ijyb hits you with a +3 spectral club! The +3 spectral club hits you.
A +3 spectral club comes into view.
You are too injured to fight recklessly!
Unknown command.
It was a potion of resistance.
You feel protected. Ijyb barely misses you.
The +3 spectral club closely misses you.
It was a potion of brilliance.
You feel clever all of a sudden. Ijyb closely misses you.
The +3 spectral club hits you.
It was a potion of mutation.
You feel extremely strange.
You feel less energetic.
You feel your magical essence link to the dungeon's wands.
Ijyb hits you with a +3 spectral club.
* * * LOW HITPOINT WARNING * * *
The +3 spectral club hits you.
* * * LOW HITPOINT WARNING * * *
It was a potion of curing.
You feel better. Ijyb completely misses you. The +3 spectral club hits you.
* * * LOW HITPOINT WARNING * * *
You aren't carrying any items that you can evoke.
You aren't carrying any scrolls.
Unknown command.
Okay, then.
You aren't carrying any scrolls.
You barely miss Ijyb. Your grab misses Ijyb. Your squeeze misses Ijyb.
Ijyb closely misses you. The +3 spectral club hits you.
You die...

#............
#######..#.########
.........#.......#
.........#######.#
.........#
......[..#
.........######
####+##........
.......@######.
?.....(g# ........#
.......!# ........#
......... ####....#
######


You could see a +3 spectral club (wandering) and Ijyb.

Vanquished Creatures
  5 dart slugs
  A ribbon worm (D:2)
  4 bats (D:2)
  3 endoplasms
  2 giant cockroaches
  2 hobgoblins (D:1)
  2 kobolds
  A quokka (D:2)
  2 ball pythons
  6 goblins
  8 rats
36 creatures vanquished.

Notes
Turn   | Place    | Note
-------+----------+-------------------------------------------
     0 | D:1      | runemasterragnar the Octopode Ice Elementalist began the
                  | quest for the Orb.
     0 | D:1      | Reached XP level 1. HP: 11/11 MP: 3/3
   230 | D:1      | Reached XP level 2. HP: 15/18 MP: 5/5
   437 | D:1      | Reached XP level 3. HP: 21/22 MP: 6/6
   784 | D:2      | Found an iron altar of Okawaru.
   931 | D:2      | Reached skill level 1 in Fighting
  1538 | D:3      | Found Paharaux's Book Emporium.
  1642 | D:3      | Noticed Ijyb
  1648 | D:3      | Gained mutation: Your magical capacity is low. (-10% MP)
                  | [potion of mutation]
  1648 | D:3      | Gained mutation: You expend magic power (3 MP) to
                  | strengthen your wands. [potion of mutation]
  1648 | D:3      | HP: 1/23 [+3 spectral club[Ijyb] (3)]
  1650 | D:3      | Slain by a +3 spectral club

Illustrated notes

Levels and vault maps discovered:
D:1:      roadster_arrival_rocket_small, layout_loops_ring,
          chequers_serial_rivers_micro_c
D:2:      layout_basic, basic_altar, minmay_rat_gold_closets
D:3:      layout_basic, mainiacjoe_overflow_chevrons, serial_shops,
          nicolae_shop_tiny_statue_garden, kennysheep_generic_room_3,
          uniq_crazy_yiuf_cottage, uniq_ijyb

Skill      XL: |  1  2  3 |
---------------+----------+-----
Stealth        | 3 |  3.4
Fighting       | 1 |  1.0
Dodging        | |  2.4
Spellcasting   | |  2.3
Ice Magic      | |  4.4

Action                     || total
---------------------------++-------
  Melee: Unarmed           ||    73
         Tentacles         ||    20
         Constrict         ||    26
   Cast: Freeze            ||     9
    Use: Scroll            ||     7
         Potion            ||     4
   Stab: Sleeping          ||    18
 Armour: Skin              ||    29
  Dodge: Dodged            ||    39

Table legend: (Time is in decaauts)
 A = Elapsed time spent in this place.
 B = Non-inter-level travel time spent in this place.
 C = Inter-level travel time spent in this place.
 D = Time resting spent in this place.
 E = Time spent auto-exploring this place.
 F = Levels seen in this place.
 G = Mean time per level.
                   A        B        C        D        E       F      G
               +--------+--------+--------+--------+--------+-----+--------+
         Total |   1648 |   1611 |     37 |      0 |   1373 |   3 |  549.3 |
       Dungeon |   1648 |   1611 |     37 |      0 |   1373 |   3 |  549.3 |
               +--------+--------+--------+--------+--------+-----+--------+

Top non-repeatable levels by time:
     D:2: 839 daAuts
     D:1: 672 daAuts
     D:3: 136 daAuts
